 Dungeon Crawl Stone Soup version 0.26-a0-1053-gaff5f71418 (webtiles) character file.

Game seed: 3422495175481089154

287 Dracia the Slinger (level 6, 0/58 HPs)
             Began as a Halfling Hunter on Dec 12, 2020.
             Succumbed to a water moccasin's poison
             ... on level 5 of the Dungeon.
             The game lasted 00:06:08 (5545 turns).

Dracia the Slinger (Halfling Hunter)                Turns: 5545, Time: 00:06:08

Health: 0/58       AC: 23    Str: 10 (13) XL:     6   Next: 56%
Magic:  6/6        EV:  3    Int:  6 (9)  God:
Gold:   232        SH:  6    Dex: 15 (17) Spells: 2/5 levels left

rFire    . . .     SeeInvis .   b - +2 rapier (elec)
rCold    . . .     Faith    .   g - +0 buckler
rNeg     + + +     Spirit   .   (armour currently unavailable)
rPois    +         Reflect  .   (helmet currently unavailable)
rElec    .         Harm     .   (cloak currently unavailable)
rCorr    .         Rampage  .   (gloves currently unavailable)
Will     .....     NoTele   +   (boots currently unavailable)
Stlth    ++........             m - amulet of magic regeneration
HPRegen  0.19/turn              (no ring)
MPRegen  0.35/turn              (no ring)

@: brilliant, lethally poisoned (0 -> -14), tree-form
A: small, mutation resistance 1
a: no special abilities


You were on level 5 of the Dungeon.
You were a tree.
You visited 1 branch of the dungeon, and saw 5 of its levels.

You collected 232 gold pieces.


Innate Abilities, Weirdness & Mutations

You are small and have problems with some larger weapons.
You are somewhat resistant to further mutation.


   Skills:
 - Level 1.7 Fighting
 + Level 9.1 Slings
 - Level 2.1 Dodging
 - Level 1.1 Stealth
 + Level 3.9 Shields


You had 2 spell levels left.
You knew the following spells:

 Your Spells              Type           Power        Failure   Level
f - Inner Flame           Hex/Fire       #.......     86%         3

Your spell library contained the following spells:

 Spells                   Type           Power        Failure   Level
 Foxfire                  Conj/Fire      #...         50%         1
 Conjure Flame            Conj/Fire      #.......     86%         3
 Sticky Flame             Conj/Fire      #.......     99%         4
 Fireball                 Conj/Fire      #.........   100%        5

Inventory:

Hand Weapons
 a - a +1 hunting sling
 b - a +2 rapier of electrocution (weapon)
 p - a +0 short sword
Missiles
 d - 66 sling bullets
 l - 154 stones (quivered)
Armour
 c - a +0 leather armour (melded)
 g - a +0 buckler (worn)
 j - a +0 cloak (melded)
 s - a +0 pair of gloves (melded)
Jewellery
 m - an amulet of magic regeneration (around neck)
 t - an uncursed ring of teleportation
 u - an uncursed amulet of guardian spirit {unknown}
Wands
 x - a wand of paralysis (9)
Scrolls
 e - 4 scrolls of identify {unknown}
 f - a scroll of remove curse {@r2@r2}
 k - 2 scrolls of teleportation {unknown}
 o - a scroll of fog {unknown}
 r - 2 scrolls of enchant weapon {unknown}
 v - 2 scrolls of enchant armour {unknown}
 w - a scroll of immolation {unknown}
Potions
 h - a potion of brilliance
 n - 2 potions of flight
 q - a potion of lignification

Dungeon Overview and Level Annotations

Branches:
Dungeon (5/15)
 Temple: D:4-7

Altars:
Ashenzari
Elyvilon
Makhleb
Nemelex Xobeh
Ru
Xom

Shops:
D:5

: ♣P≈♣♣ #..........
♣♣≈≈♣ #..........
♣≈.♣♣ #..........
#..# #..........
#.## #...<...>..
#$# #..........
##.######..........
#.........######'##
#.♣.....#....†.....
#.......#≈≈≈≈≈.....
#.......#≈###≈...##
#......##≈#∩'....#.
#......#.≈###≈..[#.
#......+.≈≈≈≈≈...#.
.......#....###+##.
#...♣♣♣♣♣≈≈≈≈......
♣PP♣≈♣≈P≈..


There were no monsters in sight!


Message History

You hit the water moccasin.
The water moccasin is almost dead.
* * * LOW HITPOINT WARNING * * *
You feel very sick.
The water moccasin bites you but does no damage. x2
You closely miss the water moccasin.
The water moccasin is almost dead.
* * * LOW HITPOINT WARNING * * *
You feel sick.
The water moccasin bites you but does no damage.
Unknown command.
It was a potion of brilliance.
You feel clever all of a sudden.
* * * LOW HITPOINT WARNING * * *
You feel sick.
The water moccasin bites you but does no damage. x2
It was a potion of flight.
Your roots keep you in place.
* * * LOW HITPOINT WARNING * * *
You feel sick.
The water moccasin bites you but does no damage.
It was a potion of degeneration.
There was something very wrong with that liquid.
You feel weakened.
You feel dopey.
You feel clumsy.
* * * LOW HITPOINT WARNING * * *
You feel sick. You block the water moccasin's attack.
Unknown command.
You hit the water moccasin.
Lightning courses through the water moccasin!
You kill the water moccasin!
You die...

Skill      XL: |  1  2  3  4  5  6 |
---------------+-------------------+-----
Slings         | 6 7 8 9 |  9.1
Shields        | 1 2 3 |  3.9
Fighting       | |  1.7
Dodging        | |  2.1
Stealth        | |  1.1

Action                   |  1- 3 |  4- 6 || total
-------------------------+-------+-------++-------
Melee: Short sword       |   139 |    11 ||   150
       Rapier            |       |   114 ||   114
 Fire: Hunting sling     |    16 |    31 ||    47
  Use: Potion            |     2 |     4 ||     6
       Scroll            |       |     1 ||     1
 Stab: Sleeping          |     2 |     3 ||     5
Armor: Leather armour    |    26 |    20 ||    46
       Skin              |       |     7 ||     7
Dodge: Dodged            |   102 |    68 ||   170
Block: Buckler           |    13 |    42 ||    55

Levels and vault maps discovered:
D:1:      eino_arrival_water_cross, layout_basic, ashenzari_altar_1
D:2:      layout_basic, lemuel_doored_altar
D:3:      layout_basic
D:4:      layout_loops_ring, makhleb_heckhound_becter
D:5:      layout_gridville, nicolae_overflow_crystal_walls, lemuel_round_altar,
          nicolae_ru_awakened_eye, serial_shops, kennysheep_mini_moat,
          serial_bayou, serial_bayou_lake_a, serial_bayou_crossing,
          serial_bayou_lagoon_a, serial_bayou_pond_d, lemuel_blue_sif_altar

Notes
Turn   | Place    | Note
-------+----------+-------------------------------------------
     0 | D:1      | Dracia the Halfling Hunter began the quest for the Orb.
     0 | D:1      | Reached XP level 1. HP: 14/14 MP: 1/1
    11 | D:1      | Reached skill level 6 in Slings
    49 | D:1      | Reached XP level 2. HP: 17/19 MP: 2/2
   625 | D:1      | Found a broken altar of Ashenzari.
   718 | D:1      | Reached skill level 7 in Slings
   718 | D:1      | Reached XP level 3. HP: 20/24 MP: 3/3
  1951 | D:2      | Identified a potion of resistance
  1961 | D:2      | Reached skill level 1 in Shields
  1961 | D:2      | Reached XP level 4. HP: 4/29 MP: 4/4
  1968 | D:2      | HP: 2/29 [poisoned by an adder]
  1976 | D:2      | HP: 1/29 [poisoned by an adder]
  2483 | D:2      | Reached skill level 2 in Shields
  2493 | D:2      | Reached skill level 8 in Slings
  2493 | D:2      | Reached XP level 5. HP: 8/34 MP: 5/5
  2923 | D:2      | Found a sparkling altar of Nemelex Xobeh.
  4402 | D:4      | Reached skill level 3 in Shields
  4682 | D:4      | Found a burning altar of Makhleb.
  4687 | D:4      | Reached XP level 6. HP: 39/39 MP: 6/6
  4996 | D:5      | Entered Level 5 of the Dungeon
  5080 | D:5      | Reached skill level 9 in Slings
  5165 | D:5      | Found a sacrificial altar of Ru.
  5224 | D:5      | Found a shimmering altar of Xom.
  5379 | D:5      | Found a white marble altar of Elyvilon.
  5412 | D:5      | Found Jachom's Book Boutique.
  5419 | D:5      | Learned a level 3 spell: Inner Flame
  5524 | D:5      | Noticed a water moccasin
  5542 | D:5      | HP: 4/58 [poisoned by a water moccasin]
  5545 | D:5      | Killed a water moccasin
  5545 | D:5      | Succumbed to a water moccasin's poison

Vanquished Creatures
  A water moccasin (D:5)
  A hound (D:4)
  An orc wizard (D:3)
  A worker ant (D:5)
  A hound skeleton (D:4)
  4 gnolls (D:2)
  5 adders
  2 white imps
  2 worms
  A dart slug (D:1)
  4 leopard geckos
  7 orcs
  4 giant cockroaches
  7 goblins
  11 hobgoblins
  6 quokkas
  2 ball pythons
  5 bats
  5 frilled lizards
  A jackal zombie (D:5)
  4 kobolds
  A leopard gecko skeleton (D:3)
  A leopard gecko zombie (D:5)
  8 rats
85 creatures vanquished.

Vanquished Creatures (others)
  A plant (D:5)
1 creature vanquished.

Grand Total: 86 creatures vanquished

Table legend: (Time is in decaauts)
 A = Elapsed time spent in this place.
 B = Non-inter-level travel time spent in this place.
 C = Inter-level travel time spent in this place.
 D = Time resting spent in this place.
 E = Time spent auto-exploring this place.
 F = Levels seen in this place.
 G = Mean time per level.
                   A        B        C        D        E       F      G
               +--------+--------+--------+--------+--------+-----+--------+
         Total |   5584 |   5401 |    183 |    735 |   3971 |   5 | 1116.8 |
       Dungeon |   5584 |   5401 |    183 |    735 |   3971 |   5 | 1116.8 |
               +--------+--------+--------+--------+--------+-----+--------+

Top non-repeatable levels by time:
     D:2: 1744 daAuts
     D:1: 1553 daAuts
     D:3: 1040 daAuts
     D:4: 677 daAuts
     D:5: 569 daAuts

Table legend:
 A = Non-vault XP
 B = Vault XP
 C = Vault XP percentage of total XP
 D = Non-vault monster count
 E = Vault monster count
 F = Vault count percentage of total count
                 A         B        C        D         E       F
            +---------+---------+-------+---------+---------+-------
      Total |     514 |      43 |   7.7 |      84 |       1 |   1.2
            +---------+---------+-------+---------+---------+-------
        D:1 |      41 |       0 |   0.0 |      24 |       0 |   0.0
        D:2 |     114 |       0 |   0.0 |      20 |       0 |   0.0
        D:3 |      75 |       0 |   0.0 |      22 |       0 |   0.0
        D:4 |      52 |      43 |  45.3 |       7 |       1 |  12.5
        D:5 |     232 |       0 |   0.0 |      11 |       0 |   0.0
            +---------+---------+-------+---------+---------+-------
